 Dungeon Crawl Stone Soup version 0.31-a0-1278-g11c5b68f87 (webtiles) character file.

Game seed: 7726472948715158218

158 MackTheKnife the Shooter (level 5, -11/47 HPs)
             Began as a Minotaur Hunter on Dec 17, 2023.
             Was an Initiate of Okawaru.
             Mangled by Crazy Yiuf
             ... wielding a +2 quarterstaff of chaos
              (13 damage)
             ... on level 3 of the Dungeon.
             The game lasted 00:02:37 (1756 turns).

MackTheKnife the Shooter (Minotaur Hunter)          Turns: 1756, Time: 00:02:38

Health: -11/47     AC:  5    Str: 16    XL:     5   Next: 16%
Magic:  4/4        EV: 12    Int:  6    God:    Okawaru [......]
Gold:   164        SH:  0    Dex: 15    Spells: 4/4 levels left

rFire   + . .        a - +0 shortbow {bow}
rCold   + . .        (shield currently unavailable)
rNeg    . . .        c - +0 leather armour
rPois   +            (helmet restricted)
rElec   +            f - +0 cloak
rCorr   +            k - +0 pair of gloves
SInv    .            (no boots)
Will    .....        e - amulet of magic regeneration {@e2}
Stlth   +            (no ring)
HPRegen 0.27/turn    (no ring)
MPRegen 0.49/turn

%: no passive effects
@: mighty, resistant, weakened, slowed, very slow
A: horns 2, retaliatory headbutt
a: Renounce Religion


You were on level 3 of the Dungeon.
You worshipped Okawaru.
Okawaru was noncommittal.
You visited 1 branch of the dungeon, and saw 3 of its levels.

You collected 164 gold pieces.


Innate Abilities, Weirdness & Mutations

You have a pair of horns on your head.
You reflexively headbutt those who attack you in melee.


   Skills:
 + Level 4.9 Fighting
 + Level 5.9 Ranged Weapons
 - Level 2.1 Dodging
 - Level 0.7 Stealth


You had 4 spell levels left.
You didn't know any spells.
Your spell library was empty.

Inventory:

Hand Weapons
 a - a +0 shortbow (weapon) {bow}
 m - a +3 hand axe of flaming {axe}
   (You found it on level 3 of the Dungeon)
Armour
 c - a +0 leather armour (worn)
 f - a +0 cloak (worn)
   (You found it on level 1 of the Dungeon)
 k - a +0 pair of gloves (worn)
   (You found it on level 2 of the Dungeon)
Jewellery
 e - an amulet of magic regeneration (around neck) {@e2}
   (You found it on level 1 of the Dungeon)
Scrolls
 b - a scroll of butterflies
 d - a scroll of teleportation {@r4}
 i - 4 scrolls of fog
 j - a scroll of enchant weapon
 l - a scroll of vulnerability {unknown}
 n - a scroll of poison {unknown}
 r - a scroll of torment {unknown}
 s - a scroll of blinking {unknown}
Potions
 g - a potion of mutation {!q}
 h - a potion of heal wounds {unknown}
 o - a potion of might
 p - a potion of degeneration {unknown}
 q - a potion of curing {unknown}

Dungeon Overview and Level Annotations

Branches:
Dungeon (3/15) Zot: 16208

Altars:
Okawaru

Shops:
D:1 *=*

Annotations:
D:3 Crazy Yiuf

#### ...######### #####
##.##......# #..)#
..........## #...#
.#.##.###.# ...
##.#...##.# #g#
...#...##.# ♣♣@♣
#).#...##.# ♣.♣♣
#.........# ♣♣.♣
#.........# ♣.♣♣
..........# ♣♣.♣♣
#..#...##.# ♣...♣♣
#......##.## ♣....♣
#.##.>.##..# #)...# #.#
#.###.########..).####.#


You could see Crazy Yiuf.


Message History

A giant cockroach comes into view. 😎 HP[+3]
Your hp is fully restored (47).
A giant cockroach is nearby!
You shoot an arrow. The arrow hits the giant cockroach.
You shoot an arrow. The arrow hits the giant cockroach.
You shoot an arrow.
The arrow barely misses the giant cockroach.
You shoot an arrow.
The arrow hits the giant cockroach but does no damage.
You shoot an arrow. The arrow hits the giant cockroach.
A giant cockroach is nearby!
A giant cockroach is nearby!
You shoot an arrow. The arrow hits the giant cockroach!
You kill the giant cockroach!
Okawaru accepts your kill.
Key pressed, stopping explore.
Key pressed, stopping explore.
You now have 154 gold pieces (gained 3).
o - 2 fizzy dark potions (gained 1)
You now have 164 gold pieces (gained 10).
You see here 6 stones {throwing}.
Found a runed translucent door.
Press: ? - help, v - describe, . - travel The floor.
Crazy Yiuf cries, "Dawk!
Nubble wrapper illywillydillykilly."
Press: ? - help, v - describe, . - travel
Here: Crazy Yiuf, wielding a +2 quarterstaff of chaos and wearing a +2 cloak (fire blocked by a runed translucent door)
The floor.
Unknown command.
You aren't carrying any items that you can evoke.
Unknown command.
You open the door. You shoot an arrow. The arrow hits Crazy Yiuf!
Crazy Yiuf hits you with a +2 quarterstaff of chaos.
Crazy Yiuf burns you. 😕 HP[-4]
You take 4 damage, and now have 43/47 hp.
You shoot an arrow.
The arrow hits Crazy Yiuf but does no damage.
Crazy Yiuf hits you with a +2 quarterstaff of chaos.
You are slowing down. 😕 HP[-4]
You take 4 damage, and now have 39/47 hp.
Fire: a) +0 shortbow {bow}
Press: ? - help, Shift-Dir - straight line, f/p - Crazy Yiuf
Aim: Crazy Yiuf, wielding a +2 quarterstaff of chaos and wearing a +2 cloak (moderately wounded, 66% to hit)
You shoot an arrow.
The arrow hits Crazy Yiuf but does no damage.
Crazy Yiuf barely misses you.
Crazy Yiuf hits you with a +2 quarterstaff of chaos!
You feel yourself slow down.
Your limbs are stiffening. 😮 HP[-5]
You take 5 damage, and now have 34/47 hp.
Unknown command.
Unknown command.
Unknown command.
Unknown command.
Fire: a) +0 shortbow {bow}
Press: ? - help, Shift-Dir - straight line, f/p - Crazy Yiuf
Aim: Crazy Yiuf, wielding a +2 quarterstaff of chaos and wearing a +2 cloak (moderately wounded, 66% to hit)
You shoot an arrow. The arrow closely misses Crazy Yiuf.
Crazy Yiuf hits you with a +2 quarterstaff of chaos.
You feel protected.
Crazy Yiuf hits you with a +2 quarterstaff of chaos!
* * * LOW HITPOINT WARNING * * *
You have turned to stone.
Crazy Yiuf hits you with a +2 quarterstaff of chaos!
* * * LOW HITPOINT WARNING * * *
You feel your attacks grow feeble.
Crazy Yiuf cries, "Lugonu sanguine light!"
Crazy Yiuf barely misses you.
Crazy Yiuf grits, "Sif Muna mobile hand!"
Crazy Yiuf hits you with a +2 quarterstaff of chaos!
* * * LOW HITPOINT WARNING * * *
Crazy Yiuf freezes you.
* * * LOW HITPOINT WARNING * * *
Crazy Yiuf hits you with a +2 quarterstaff of chaos!
* * * LOW HITPOINT WARNING * * *
Crazy Yiuf freezes you.
Crazy Yiuf hits you with a +2 quarterstaff of chaos.
* * * LOW HITPOINT WARNING * * *
You feel very mighty all of a sudden.
Crazy Yiuf hits you with a +2 quarterstaff of chaos!
* * * LOW HITPOINT WARNING * * *
Crazy Yiuf hits you with a +2 quarterstaff of chaos!
* * * LOW HITPOINT WARNING * * *
Crazy Yiuf freezes you.
Crazy Yiuf hits you with a +2 quarterstaff of chaos.
* * * LOW HITPOINT WARNING * * *
You turn to flesh and can move again. 😱 HP[-32]
You take 32 damage, and now have 2/47 hp.
MASSIVE DAMAGE!! (PAUSE) Unknown command.
It was a potion of might.
You feel mightier all of a sudden.
Crazy Yiuf hits you with a +2 quarterstaff of chaos!
You die...

Skill      XL: |  1  2  3 |
---------------+----------+-----
Fighting       | 3 4 |  4.9
Ranged Weapons | 5 |  5.9
Dodging        | |  2.1
Stealth        | |  0.7

Action                     |  1- 3 |  4- 6 || total
---------------------------+-------+-------++-------
   Fire: Shortbow          |    81 |    67 ||   148
    Use: Scroll            |     1 |     3 ||     4
         Potion            |       |     1 ||     1
 Armour: Leather armour    |    14 |    32 ||    46
  Dodge: Dodged            |    31 |    12 ||    43

Levels and vault maps discovered:
D:1:      amcnicky_arrival_feature_with_door, layout_loops_corners,
          serial_shops, nicolae_shop_tiny_glass, shop, shop, shop,
          nicolae_shop_temple_entry_statues_fountains,
          hellmonk_ecumenical_altar_heavens_door
D:2:      layout_loops_ring, minmay_misc_feat_columns, minmay_tetromino_s2,
          uniq_natasha
D:3:      layout_loops_ring, marbit_many_paths, amethyst_overflow_temple_binary,
          uniq_jessica, uniq_crazy_yiuf_cottage

Notes
Turn   | Place    | Note
-------+----------+-------------------------------------------
     0 | D:1      | MackTheKnife the Minotaur Hunter began the quest for the
                  | Orb.
     0 | D:1      | Reached XP level 1. HP: 18/18 MP: 0/0
     0 | D:1      | magus.rc [v1.9.6]
   109 | D:1      | Found Inaamoaq's General Store.
   144 | D:1      | Reached skill level 3 in Fighting
   144 | D:1      | Reached XP level 2. HP: 24/26 MP: 1/1
   152 | D:1      | Found Luevaits's Jewellery Shoppe.
   183 | D:1      | Found Piufiynk's Assorted Antiques.
   338 | D:1      | Found a faded altar of an unknown god.
   458 | D:2      | Noticed Natasha
   469 | D:2      | Killed Natasha
   470 | D:2      | Reached skill level 5 in Ranged Weapons
   470 | D:2      | Reached XP level 3. HP: 24/33 MP: 2/2
   744 | D:2      | Reached skill level 4 in Fighting
   750 | D:2      | Reached XP level 4. HP: 38/40 MP: 3/3
   769 | D:2      | Noticed Natasha
   782 | D:2      | HP: 10/40 [cerulean imp/+2 spear[Natasha] (4)]
   784 | D:2      | Killed Natasha
  1105 | D:3      | Noticed Jessica
  1110 | D:3      | Killed Jessica
  1240 | D:3      | Reached XP level 5. HP: 40/47 MP: 4/4
  1281 | D:3      | Found an iron altar of Okawaru.
  1286 | D:3      | Became a worshipper of Warmaster Okawaru
  1739 | D:3      | Found a runed translucent door.
  1740 | D:3      | Noticed Crazy Yiuf
  1751 | D:3      | HP: 11/47 [Crazy Yiuf/+2 quarterstaff of chaos (5)]
  1754 | D:3      | HP: 4/47 [Crazy Yiuf/+2 quarterstaff of chaos (4)]
  1756 | D:3      | Mangled by Crazy Yiuf

Vanquished Creatures
  Jessica (D:3)
  Natasha (twice) (D:2)
  5 adders
  A worm (D:2)
  An orc (D:3)
  3 endoplasms
  2 giant cockroaches
  6 goblins
  2 hobgoblins (D:1)
  4 ball pythons
  7 bats
  2 frilled lizards
  5 kobolds
  2 rats (D:2)
43 creatures vanquished.

Table legend:
 A = Non-vault XP
 B = Vault XP
 C = Vault XP percentage of total XP
 D = Non-vault monster count
 E = Vault monster count
 F = Vault count percentage of total count
                 A         B        C        D         E       F
            +---------+---------+-------+---------+---------+-------
      Total |     129 |      97 |  42.9 |      38 |       5 |  11.6
            +---------+---------+-------+---------+---------+-------
        D:1 |      24 |       0 |   0.0 |      15 |       0 |   0.0
        D:2 |      67 |      47 |  41.2 |      14 |       3 |  17.6
        D:3 |      38 |      50 |  56.8 |       9 |       2 |  18.2
            +---------+---------+-------+---------+---------+-------

Skill      XL: |  1  2  3 |
---------------+----------+-----
Fighting       | 3 4 |  4.9
Ranged Weapons | 5 |  5.9
Dodging        | |  2.1
Stealth        | |  0.7

Action                     |  1- 3 |  4- 6 || total
---------------------------+-------+-------++-------
   Fire: Shortbow          |    81 |    67 ||   148
    Use: Scroll            |     1 |     3 ||     4
         Potion            |       |     1 ||     1
 Armour: Leather armour    |    14 |    32 ||    46
  Dodge: Dodged            |    31 |    12 ||    43

Illustrated notes

Table legend:
 A = Kills in this place as a percentage of kills in the entire game.
 B = Kills by you in this place as a percentage of kills by you in the entire game.
 C = Kills by friends in this place as a percentage of kills by friends in the entire game.
 D = Other kills in this place as a percentage of other kills in the entire game.
 E = Experience gained in this place as a percentage of experience gained in the entire game.
 F = Experience gained in this place divided by the number of levels of this place that you have seen.
                   A       B       C       D       E      F
               +-------+-------+-------+-------+-------+----------------------
         Total | 100.0 | 100.0 |   N/A |   N/A | 100.0 |  75.3
       Dungeon | 100.0 | 100.0 |   N/A |   N/A | 100.0 |  75.3
               +-------+-------+-------+-------+-------+----------------------

Table legend: (Time is in decaauts)
 A = Elapsed time spent in this place.
 B = Non-inter-level travel time spent in this place.
 C = Inter-level travel time spent in this place.
 D = Time resting spent in this place.
 E = Time spent auto-exploring this place.
 F = Levels seen in this place.
 G = Mean time per level.
                   A        B        C        D        E       F      G
               +--------+--------+--------+--------+--------+-----+--------+
         Total |   1790 |   1764 |     26 |    134 |   1175 |   3 |  596.7 |
       Dungeon |   1790 |   1764 |     26 |    134 |   1175 |   3 |  596.7 |
               +--------+--------+--------+--------+--------+-----+--------+

Top non-repeatable levels by time:
     D:3: 671 daAuts
     D:2: 663 daAuts
     D:1: 455 daAuts
